 Dungeon Crawl Stone Soup version 0.30-b1-2-g02819fbbbe (webtiles) character file.

Game seed: 15006492236160370981

(classic levelgen) 86960 EnegeticOcto the Severer (level 15, -2/133 (141) HPs)
             Began as a Minotaur Fighter on May 8, 2023.
             Was the Champion of Ru.
             Shot with an arrow by a naga sharpshooter (10 damage)
             ... led by Vashnia
             ... on level 3 of the Snake Pit.
             The game lasted 00:12:43 (21963 turns).

EnegeticOcto the Severer (Minotaur Fighter)        Turns: 21963, Time: 00:12:44

HP:   -2/133 (141)  AC: 18    Str: 28    XL:     15   Next: 42%
MP:   0/18          EV: 13    Int: 11    God:    Ru [******]
Gold: 1805          SH:  0    Dex: 10    Spells: 19/19 levels left

rFire   + . .        f - +16 consecrated labrys {holy, Valiant Fragile Fly SInv}
rCold   . . .        (shield unavailable)
rNeg    . . .        L - +2 chain mail {rF+}
rPois   +            (helmet restricted)
rElec   +            (no cloak)
rCorr   .            y - +0 pair of gloves
SInv    +            k - +0 pair of boots
Will    ++...        F - amulet of guardian spirit Stlth
                     (ring unavailable)
HPRegen 0.42/turn    t - ring "Woahec" {rElec rPois Will+ Int+6 Stlth-}
MPRegen 0.16/turn

%: guardian spirit
@: lethally poisoned (-2 -> -3), exhausted, flying, drained
A: horns 2, missing a hand, no stealth, inability to use devices, hated by all,
retaliatory headbutt
a: Renounce Religion, Draw Out Power, Power Leap, Apocalypse


You were on level 3 of the Snake Pit.
You worshipped Ru.
Ru was exalted by your worship.
You visited 5 branches of the dungeon, and saw 23 of its levels.
You visited the Abyss 1 time.
You also visited: Sewer and Volcano.

You collected 2477 gold pieces.
You spent 672 gold pieces at shops.

Inventory:

Hand Weapons
 a - a +2 broad axe of flaming
   (You took it off a hell knight in a volcano)
 f - the +16 consecrated labrys (weapon) {holy, Valiant Fragile Fly SInv}
   (You acquired it on level 3 of the Dungeon)

   Valiant:   It becomes more powerful as more dangerous foes come into view.
   SInv:      It lets you see invisible.
   Fly:       It grants you flight.
   Fragile:   It will be destroyed if unequipped.
 M - a +1 war axe
Armour
 k - a +0 pair of boots (worn)
   (You found it on level 14 of the Dungeon)
 y - a +0 pair of gloves (worn)
   (You found it on level 9 of the Dungeon)
 G - a +0 plate armour of willpower
   (You found it on level 13 of the Dungeon)
 L - a +2 chain mail of fire resistance (worn)
   (You found it in a volcano)
Jewellery
 t - the ring "Woahec" (right hand) {rElec rPois Will+ Int+6 Stlth-}
   (You found it on level 12 of the Dungeon)

   [ring of poison resistance]

   Int:       It affects your intelligence (+6).
   rElec:     It insulates you from electricity.
   rPois:     It protects you from poison.
   Will:      It increases your willpower.
   Stlth:     It makes you less stealthy.
 F - an amulet of guardian spirit (around neck)
   (You bought it in a shop on level 2 of the Orcish Mines)
Scrolls
 c - a scroll of fear
 e - 4 scrolls of vulnerability
 h - a scroll of enchant weapon
 i - 3 scrolls of immolation
 m - 5 scrolls of magic mapping {@r5}
 n - 7 scrolls of enchant armour
 o - 9 scrolls of teleportation {@r3}
 r - 5 scrolls of blinking {@r4}
 v - 4 scrolls of poison
 x - 4 scrolls of identify {@r1}
 K - 2 scrolls of fog
Potions
 d - 7 potions of might {@q3}
 g - 5 potions of curing {@q1}
 j - 3 potions of flight
 l - 5 potions of mutation
 p - a potion of heal wounds {@q2}
 s - 5 potions of lignification
 z - 4 potions of haste {@q4}
 A - a potion of berserk rage
 B - 2 potions of attraction
 C - 2 potions of resistance {@q5}
 H - a potion of magic
 N - a potion of invisibility


   Skills:
 + Level 15.1 Fighting
 * Level 20.4 Axes
 + Level 15.1 Armour
 + Level 12.7 Dodging
   Level 0.0 Shields
 + Level 2.7 Spellcasting


You had 19 spell levels left.
You didn't know any spells.
Your spell library was empty.

Dungeon Overview and Level Annotations

Branches:
Dungeon (14/15)            Temple (1/1) D:4            Lair (3/5) D:10
 Shoals (0/4) Lair:3        Snake (3/4) Lair:3          Orc (2/2) D:12
    Elf (0/3) Orc:2        Vaults (0/5) D:14          Sewer (visited)
Volcano (visited)

Altars:
Ashenzari
Cheibriados
Dithmenos
Gozag
Kikubaaqudgha
Makhleb
Nemelex Xobeh
Okawaru
Qazlal
Ru
Sif Muna
Trog
Uskayaw
Vehumet
Wu Jian
Xom
Zin
The Shining One

Shops:
D:4 (   D:9 (   D:14 (   Orc:1 *   Orc:2 !!:=*

Portals:
Trove: D:12 (give +3 shadow dragon scales)

Annotations:
D:12 5 runed translucent doors
Snake:3 Vashnia
Orc:2 1 runed translucent door, prawnwizard's ghost, journeyman MfMo


Innate Abilities, Weirdness & Mutations

You have a pair of horns on your head.
You are missing a hand.
You cannot be stealthy.
You cannot study or use magical devices.
You are hated by all.
You reflexively headbutt those who attack you in melee.


Message History

The naga sharpshooter shoots a bolt.
The bolt hits you!
A naga sharpshooter comes into view. It is wielding a +0 battleaxe.
Vashnia casts a spell.
Vashnia blinks!
Vashnia unwields a +6 mace of protection.
Vashnia wields a +0 longbow.
Vashnia gestures wildly while chanting.
Vashnia magically shoots an arrow.
The arrow hits you!!
You closely miss Vashnia.
The naga sharpshooter is stunned by your conviction and fails to attack.
The naga sharpshooter spits poison at you.
The splash of poison misses you.
The naga sharpshooter shoots a bolt.
The bolt hits you!
You focus your inner power and paralyse the naga sharpshooter in retribution!
The naga sharpshooter begins to cast a spell, but is stunned by your conviction!
You closely miss Vashnia.
Vashnia shoots an arrow.
The arrow closely misses you.
The naga sharpshooter casts a spell.
The naga sharpshooter magically shoots an arrow.
The arrow barely misses you.
The naga sharpshooter unwields a +0 battleaxe.
The naga sharpshooter wields a +0 shortbow.
The naga sharpshooter shoots an arrow.
The arrow closely misses you.
You miss Vashnia.
A naga sharpshooter comes into view. It is wielding a +1 heavy war axe.
You slice Vashnia!!
Vashnia is lightly wounded.
Vashnia begins to cast a spell, but is stunned by your conviction!
The naga sharpshooter shoots an arrow.
The arrow barely misses you.
The naga sharpshooter is stunned by your conviction and fails to attack.
The naga sharpshooter shoots an arrow.
The arrow hits you!
You cut Vashnia into ribbons!!! Your headbutt misses Vashnia.
Vashnia is heavily wounded.
You hear a shout!
The naga sharpshooter begins to cast a spell, but is stunned by your conviction!
Vashnia is stunned by your conviction and fails to attack.
Vashnia unwields a +0 longbow.
Vashnia wields a +6 mace of protection.
Vashnia hits you with a +6 mace of protection!
Vashnia grabs you. Vashnia constricts you.
You carve Vashnia like a ham!!!
Vashnia is severely wounded.
The naga sharpshooter shoots an arrow.
The arrow hits you.
The naga sharpshooter shoots an arrow.
The arrow hits you!
You are too injured to fight recklessly!
You are too injured to fight recklessly!
You are too injured to fight recklessly!
You don't have enough magic at the moment.
Unknown command.
Okay, then.
Magic courses through your body.
Vashnia unwields a +6 mace of protection.
Vashnia wields a +0 longbow.
Vashnia gestures wildly while chanting.
Vashnia magically shoots an arrow.
The arrow hits you!!
* * * LOW HITPOINT WARNING * * *
Vashnia constricts you.
The naga sharpshooter is stunned by your conviction and fails to attack.
The naga sharpshooter spits poison at you.
The splash of poison hits you.
You are poisoned.
You resist.
* * * LOW HITPOINT WARNING * * *
You focus your inner power and blind the naga sharpshooter in retribution!
You redirect the naga sharpshooter's attack! x2
The naga sharpshooter shoots an arrow.
The arrow hits the naga sharpshooter!
The naga sharpshooter shoots an arrow.
The arrow hits you!
* * * LOW HITPOINT WARNING * * *
You don't have enough magic at the moment.
You are restored by drawing out deep reserves of power within.
Vashnia loses her grip on you.
You feel drained.
You feel sick.
You redirect the naga sharpshooter's attack!
The naga sharpshooter unwields a +1 heavy war axe.
The naga sharpshooter wields a +0 shortbow.
The naga sharpshooter shoots an arrow.
The arrow barely misses the naga sharpshooter.
The naga sharpshooter is stunned by your conviction and fails to attack.
Vashnia shoots an arrow.
The arrow hits you!
The naga sharpshooter casts a spell.
The naga sharpshooter magically shoots an arrow.
The arrow hits you but does no damage.
You feel sick.
Vashnia is stunned by your conviction and fails to attack.
Vashnia shoots an arrow.
The arrow hits you!
* * * LOW HITPOINT WARNING * * *
The naga sharpshooter casts a spell.
The naga sharpshooter begins to cast a spell, but is stunned by your conviction!
The naga sharpshooter shouts!
You feel sick. Vashnia spits poison at you. The splash of poison hits you.
You resist.
* * * LOW HITPOINT WARNING * * *
The naga sharpshooter shoots an arrow.
The arrow hits you!
* * * LOW HITPOINT WARNING * * *
The naga sharpshooter shoots an arrow.
The arrow hits you!!
* * * LOW HITPOINT WARNING * * *
There is a stone staircase leading up, spattered with blood here.
You feel sick.
You redirect Vashnia's attack!
The naga sharpshooter shoots an arrow.
The arrow hits you!
You die...

.!..##.N..##
....N..NN..#
..........#
#........#
##.......#
#........#
#........#
#.......#
#..N.@..#
#......##
..)..#####
###.# #.#
#.# .#


You could see Vashnia (catching breath) and 3 naga sharpshooters.

Vanquished Creatures
  Frances (D:13)
  A tentacled starspawn (Abyss:3)
  An orc warlord (Orc:2)
  A starcursed mass (Abyss:3)
  2 ettins (Orc:2)
  2 ogre magi (Orc:2)
  2 hydras
  4 anacondas
  3 vault guards (D:14)
  2 boulder beetles
  5 centaur warriors
  12 two-headed ogres
  4 naga warriors
  A shock serpent (Snake:1)
  Urug (Orc:2)
  A salamander mystic (Volcano)
  A skyshark (Lair:2)
  A hell knight (Volcano)
  5 skeletal warriors (D:11)
  A wretched star (Abyss:3)
  Lodul (D:13)
  2 deep trolls (Orc:2)
  2 naga ritualists
  A large abomination (Abyss:3)
  3 wizards (D:14)
  2 necromancers (D:14)
  An orc knight (Orc:2)
  2 deep elf pyromancers (D:14)
  3 mana vipers
  8 ugly things
  3 orc sorcerers
  3 manticores
  6 salamanders
  6 cyclopes
  9 black mambas
  2 molten gargoyles (Volcano)
  3 cane toads
  4 naga magi
  2 unseen horrors
  Maggie (Lair:1)
  4 komodo dragons
  2 rime drakes
  2 ice devils (D:12)
  An efreet (D:13)
  14 trolls
  A hornet (D:9)
  A wind drake (Lair:3)
  9 blink frogs
  14 slime creatures
  2 shadows (D:12)
  3 vampires
  A spriggan (D:8)
  Sigmund (D:2)
  2 wraiths
  26 yaks
  4 wyverns
  A golden eye (shapeshifter) (D:14)
  An unseen horror simulacrum (D:9)
  3 basilisks (Lair:2)
  18 humans (D:14)
  A steam dragon (D:8)
  A neqoxec (Abyss:3)
  Menkaure (D:6)
  12 vampire mosquitoes
  10 nagas
  4 acid dragons
  3 wargs
  3 water moccasins
  A small abomination (Abyss:3)
  2 ice beasts (D:9)
  3 sky beasts
  13 orc warriors
  3 black bears
  26 ogres
  3 wolves
  9 centaurs
  3 phantoms
  9 bullfrogs
  2 kobold brigands
  A scorpion (D:4)
  12 wights
  22 killer bees
  3 electric eels
  7 howler monkeys
  3 lava snakes (Volcano)
  A quasit (Abyss:3)
  2 jellies
  14 orc priests
  5 hounds
  5 iguanas
  2 sleepcaps (D:5)
  18 orc wizards
  A centaur simulacrum (D:9)
  9 adders
  3 gnolls (D:4)
  A shadow imp (D:7)
  A howler monkey simulacrum (D:9)
  4 white imps
  3 ufetubi
  4 worms
  A dart slug (D:3)
  42 orcs
  9 ball pythons
  13 endoplasms
  8 giant cockroaches (Sewer)
  6 goblins
  11 hobgoblins
  2 jackals (D:4)
  14 quokkas
  3 bats
  16 frilled lizards
  12 kobolds
  A rat (D:1)
593 creatures vanquished.

Vanquished Creatures (others)
  2 hydras
  2 two-headed ogres
  A naga warrior (Snake:2)
  A basilisk (Lair:1)
  2 ogres
  A centaur (D:14)
  An orc (D:7)
  A fungus (Lair:2)
  7 plants (Lair:2)
  2 starspawn tentacles (Abyss:3)
  7 withered plants (D:10)
27 creatures vanquished.

Grand Total: 620 creatures vanquished

Notes
Turn   | Place    | Note
-------+----------+-------------------------------------------
     0 | D:1      | EnegeticOcto the Minotaur Fighter began the quest for the
                  | Orb.
     0 | D:1      | Reached XP level 1. HP: 19/19 MP: 0/0
   341 | D:1      | Reached XP level 2. HP: 23/27 MP: 1/1
   415 | D:1      | Reached skill level 3 in Axes
   670 | D:2      | Noticed an ice devil
   671 | D:2      | Found a faded altar of an unknown god.
   898 | D:2      | Reached XP level 3. HP: 33/33 MP: 2/2
  1374 | D:2      | Noticed Sigmund
  1393 | D:2      | Killed Sigmund
  1394 | D:2      | Reached skill level 4 in Axes
  1394 | D:2      | Reached XP level 4. HP: 25/41 MP: 3/3
  1394 | D:2      | Reached XP level 5. HP: 29/47 MP: 4/4
  1865 | D:3      | Found a glowing drain.
  1879 | Sewer    | Entered a sewer
  2029 | Sewer    | Reached skill level 5 in Axes
  2146 | Sewer    | Reached XP level 6. HP: 55/55 MP: 5/5
  2193 | Sewer    | Reached skill level 5 in Fighting
  2193 | Sewer    | Reached skill level 5 in Armour
  2193 | Sewer    | Reached skill level 5 in Shields
  2345 | D:3      | Identified 2 scrolls of acquirement
  2345 | D:3      | Acquired the +8 Wrath of Trog {antimagic, *Rage Rampage}
  2345 | D:3      | Found the +8 Wrath of Trog {antimagic, *Rage Rampage}
  2346 | D:3      | Acquired the +4 consecrated labrys {holy, Valiant Fragile
                  | Fly SInv}
  2346 | D:3      | Found the +4 consecrated labrys {holy, Valiant Fragile Fly
                  | SInv}
  2671 | D:3      | Found a burning altar of Makhleb.
  2701 | D:3      | Found an ornate altar of the Wu Jian Council.
  2802 | D:4      | Reached skill level 6 in Axes
  2802 | D:4      | Reached XP level 7. HP: 33/61 MP: 6/6
  2932 | D:4      | Found Rayklam's Weapon Emporium.
  2981 | D:4      | Found a staircase to the Ecumenical Temple.
  3050 | Temple   | Entered the Ecumenical Temple
  3066 | Temple   | Became a worshipper of Ru the Awakened
  3771 | D:5      | Entered Level 5 of the Dungeon
  3801 | D:5      | Reached skill level 7 in Axes
  4053 | D:5      | Reached XP level 8. HP: 66/70 MP: 7/7
  4134 | D:5      | Gained mutation: You cannot study or use magical devices.
                  | [Ru sacrifice]
  4134 | D:5      | Reached * piety under Ru
  4134 | D:5      | Reached ** piety under Ru
  4487 | D:5      | Reached skill level 8 in Axes
  4839 | D:6      | Found a broken altar of Ashenzari.
  4953 | D:6      | Noticed Menkaure
  4960 | D:6      | Killed Menkaure
  4961 | D:6      | Reached skill level 1 in Dodging
  5320 | D:7      | Found a sparkling altar of Nemelex Xobeh.
  5328 | D:7      | Reached skill level 9 in Axes
  5407 | D:7      | Found a shimmering altar of Xom.
  5573 | D:7      | Reached XP level 9. HP: 79/79 MP: 8/8
  6527 | D:8      | Gained mutation: You are missing a hand. [Ru sacrifice]
  6527 | D:8      | Reached *** piety under Ru
  6527 | D:8      | Reached **** piety under Ru
  6527 | D:8      | Reached ***** piety under Ru
  6571 | D:8      | Reached skill level 10 in Axes
  6612 | D:8      | Noticed a two-headed ogre
  6618 | D:8      | Killed a two-headed ogre
  6716 | D:8      | Reached XP level 10. HP: 79/90 MP: 9/9
  6718 | D:8      | Reached skill level 11 in Axes
  7250 | D:8      | Reached skill level 5 in Dodging
  7602 | D:8      | Noticed a two-headed ogre
  7602 | D:8      | Noticed a two-headed ogre
  7605 | D:8      | Killed a two-headed ogre
  7606 | D:8      | Reached skill level 12 in Axes
  7610 | D:8      | Killed a two-headed ogre
  7710 | D:8      | Found the +12 pair of quick blades "Gyre" and "Gimble"
                  | {protect}
  8351 | D:9      | Reached XP level 11. HP: 99/99 MP: 10/10
  8695 | D:9      | Found Vaduu's Antique Weapon Shop.
  8733 | D:9      | Reached skill level 13 in Axes
  8802 | D:9      | Gained mutation: You are hated by all. [Ru sacrifice]
  8810 | D:9      | Reached skill level 10 in Fighting
  8810 | D:9      | Reached skill level 10 in Armour
  8995 | D:10     | Entered Level 10 of the Dungeon
  9125 | D:10     | Found a staircase to the Lair.
  9329 | D:10     | Found an ancient bone altar of Kikubaaqudgha.
  9468 | D:10     | Noticed an eight-headed hydra
  9779 | D:10     | Noticed a boulder beetle
  9779 | D:10     | Noticed a two-headed ogre
  9780 | D:10     | Noticed a centaur warrior
  9782 | D:10     | Noticed a two-headed ogre
  9790 | D:10     | Killed a two-headed ogre
  9790 | D:10     | Killed a boulder beetle
  9790 | D:10     | Killed a centaur warrior
  9791 | D:10     | Reached skill level 14 in Axes
  9791 | D:10     | Killed a two-headed ogre
 10031 | D:10     | Killed an 11-headed hydra
 10589 | D:10     | Reached XP level 12. HP: 45/110 MP: 11/11
 11027 | D:11     | Reached skill level 15 in Axes
 11691 | D:11     | You are sucked into a shaft and drop 3 floors!
 11730 | D:14     | Gained mutation: You cannot be stealthy. [Ru sacrifice]
 11730 | D:14     | Reached ****** piety under Ru
 11888 | D:14     | Noticed a centaur warrior
 11909 | D:14     | Killed a centaur warrior
 11910 | D:14     | Reached skill level 16 in Axes
 12117 | D:14     | Noticed a centaur warrior
 12131 | D:14     | Killed a centaur warrior
 12180 | D:14     | Reached XP level 13. HP: 75/119 MP: 12/12
 12278 | D:14     | Identified the +0 leather armour of Qitziyma {rF+ MP+9}
 12492 | D:14     | Found a gate to the Vaults.
 12653 | D:14     | Found Wexiemyo's Firing Range.
 12696 | Abyss:3  | Cast into level 3 of the Abyss (a wizard)
 12772 | Abyss:3  | Reached skill level 17 in Axes
 12772 | Abyss:3  | Reached skill level 10 in Dodging
 12788 | Abyss:3  | Noticed a starcursed mass
 12804 | Abyss:3  | Killed a starcursed mass
 12812 | Abyss:3  | Noticed a tentacled starspawn
 12822 | Abyss:3  | Killed a tentacled starspawn
 12941 | D:14     | Escaped the Abyss
 13776 | D:13     | Noticed Lodul
 13778 | D:13     | Found a gate leading to a gauntlet.
 13783 | D:13     | Killed Lodul
 14051 | D:13     | Noticed Frances
 14061 | D:13     | Killed Frances
 14237 | D:13     | Reached skill level 18 in Axes
 14628 | D:12     | Found a runed translucent gate.
 14633 | D:12     | Found a runed translucent gate.
 14633 | D:12     | Found a runed translucent gate.
 14854 | D:12     | Found a runed translucent door.
 14862 | D:12     | Found the +9 staff of Olgreb {rPois∞}
 14866 | D:12     | Found a runed translucent door.
 14935 | D:12     | Found a staircase to the Orcish Mines.
 15012 | D:12     | Identified the ring "Woahec" {rElec rPois Will+ Int+6
                  | Stlth-}
 15386 | D:12     | Reached XP level 14. HP: 129/129 MP: 13/13
 15973 | D:12     | Found a portal to a secret trove of treasure.
 16060 | Orc:1    | Entered Level 1 of the Orcish Mines
 16060 | Orc:1    | Found Nuoplont's Assorted Antiques.
 16182 | Orc:2    | Entered Level 2 of the Orcish Mines
 16206 | Orc:2    | Noticed Urug
 16216 | Orc:2    | Killed Urug
 16373 | Orc:2    | Found a staircase to the Elven Halls.
 16455 | Orc:2    | Reached skill level 19 in Axes
 16498 | Orc:2    | Found Wuxamoku's Distillery.
 16502 | Orc:2    | Found Zosuy's Jewellery Boutique.
 16627 | Orc:2    | Found Xakuat's Assorted Antiques.
 16627 | Orc:2    | Found Cuegy's Book Boutique.
 16640 | Orc:2    | Bought an amulet of guardian spirit for 360 gold pieces
 16663 | Orc:2    | Noticed an orc warlord
 16681 | Orc:2    | Killed an orc warlord
 16993 | Orc:2    | Found Gimem's Distillery.
 17001 | Orc:2    | Bought a potion of haste for 120 gold pieces
 17001 | Orc:2    | Bought a potion of might for 48 gold pieces
 17001 | Orc:2    | Bought a potion of might for 48 gold pieces
 17001 | Orc:2    | Bought a potion of mutation for 96 gold pieces
 17008 | Orc:2    | Noticed prawnwizard's ghost (journeyman MfMo)
 17009 | Orc:2    | Found a runed translucent door.
 17379 | Lair:1   | Entered Level 1 of the Lair of Beasts
 17379 | Lair:1   | Noticed Maggie
 17383 | Lair:1   | Killed Maggie
 18243 | Lair:1   | You are sucked into a shaft and drop 1 floor!
 18282 | Lair:2   | Reached skill level 1 in Spellcasting
 18645 | Lair:2   | Found a dark tunnel.
 18655 | Volcano  | Entered a volcano
 18706 | Volcano  | Found a bloodstained altar of Trog.
 20269 | Lair:3   | Reached XP level 15. HP: 116/139 MP: 10/16
 20433 | Lair:3   | Found a staircase to the Shoals.
 20635 | Lair:3   | Found a staircase to the Snake Pit.
 20722 | Snake:1  | Entered Level 1 of the Snake Pit
 20841 | Snake:1  | Reached skill level 20 in Axes
 21165 | Snake:1  | Found a burning altar of Makhleb.
 21578 | Snake:2  | Reached skill level 15 in Fighting
 21581 | Snake:2  | Reached skill level 15 in Armour
 21951 | Snake:3  | Noticed Vashnia
 21963 | Snake:3  | Shot with an arrow by a naga sharpshooter

Illustrated notes

Levels and vault maps discovered:
D:1:      wander_arrival_chamber, layout_basic
D:2:      layout_basic, dreamdust_ecumenical_altar_sealed_demon, uniq_sigmund
D:3:      layout_loops_ring, mainiacjoe_overflow_two_lobes,
          cheibrodos_sewer_entry_bend
D:4:      layout_basic, minmay_temple_entry_antechambers, serial_shops,
          nicolae_shop_back_alley_shop
D:5:      minmay_recursive_quarters, layout_rooms, nicolae_elevator_lobby_plus
D:6:      layout_basic, ashenzari_altar_1, st_stairs_5, minmay_bent,
          uniq_menkaure
D:7:      layout_basic, mainiacjoe_overflow_catwalk_spiral
D:8:      layout_loops_corners, hellmonk_guarded_unrand_gyre_and_gimble
D:9:      layout_irregular_city, serial_ice, serial_ice_m, serial_ice_f,
          serial_ice_c, serial_ice_o, serial_shops, nicolae_diamond_shop
D:10:     layout_basic, kiku_gazebo_garden_becter, erik_lair_island,
          minmay_fractal_squares_gapless_7
D:11:     layout_cave_pods
D:12:     layout_irregular_city, erik_orc_4, nicolae_trove_entry_columns,
          portal_ice_cave_demonic_guard, minmay_guarded_unrand_staff_of_olgreb
D:13:     layout_loops_ring, gauntlet_entry_generic, grunt_ministairs_14,
          drop_trap, uniq_frances, uniq_lodul
D:14:     layout_grid_maze, grunt_vaults_entry_tiered, minmay_misc_feat_five,
          nicolae_shop_firing_range
Temple:   nicolae_temple_x_marks_the_god
Lair:1:   layout_cave_pods, grunt_megastairs_2, infiniplex_staircase_pool,
          uniq_maggie
Lair:2:   layout_roguey, nicolae_volcano_entry_lava_flow, serial_bayou_shore_a
Lair:3:   layout_chaotic_city, minmay_shoals_entry_beasts,
          nicolae_snake_entry_squirm, serial_bayou_shore_b
Snake:1:  layout_onion_interference, basic_altar, uniq_aizul
Snake:2:  nicolae_snake_hallway, layout_layer_cave, nicolae_snake_gridmaze_tees,
          uniq_jorgrun
Snake:3:  layout_chambers, serial_shops, nicolae_shop_waterfront,
          nicolae_snake_single_loop, nicolae_snake_salamander_zone,
          uniq_vashnia, uniq_saint_roka
Orc:1:    layout_caves, serial_shops, shop, nicolae_orc_lost_temple
Orc:2:    st_orc_open, layout_caves, ebering_ghost_inner_flame, serial_shops,
          shop, uniq_urug

Skill      XL: |  1  2  3  4  5  6  7  8  9 10 11 12 13 14 15 |
---------------+----------------------------------------------+-----
Axes           | 3 4 5 6 7 9 10 12 14 16 18 19 20 | 20.4
Fighting       | 4 5 6 7 8 9 11 12 13 14 15 | 15.1
Armour         | 4 5 6 7 8 9 11 12 13 14 15 | 15.1
Shields        | 4 5 6 7 0 |  0.0
Dodging        | 2 4 6 8 9 11 12 | 12.7
Spellcasting   | 1 2 |  2.7

Action                     |  1- 3 |  4- 6 |  7- 9 | 10-12 | 13-15 || total
---------------------------+-------+-------+-------+-------+-------++-------
  Melee: War axe           |    71 |   120 |       |       |       ||   191
         Headbutt          |     7 |    12 |    21 |    56 |   138 ||   234
         Labrys            |       |    11 |   153 |   333 |   683 ||  1180
 Invoke: Sacrifice Artific |       |       |     1 |       |       ||     1
         Sacrifice a Hand  |       |       |     1 |       |       ||     1
         Apocalypse        |       |       |       |     1 |       ||     1
         Sacrifice Love    |       |       |       |     1 |       ||     1
         Draw Out Power    |       |       |       |     2 |    12 ||    14
         Sacrifice Stealth |       |       |       |     1 |       ||     1
    Use: Scroll            |       |    10 |     5 |     5 |     6 ||    26
         Potion            |       |       |       |       |     6 ||     6
   Stab: Paralysed         |       |       |       |     2 |     7 ||     9
         Distracted        |       |       |       |     1 |     2 ||     3
         Invisible         |       |       |       |       |     7 ||     7
         Petrifying        |       |       |       |       |     1 ||     1
 Armour: Scale mail        |    39 |    68 |     9 |       |       ||   116
         Chain mail        |       |       |    33 |   145 |   197 ||   375
         Plate armour      |       |       |       |       |    44 ||    44
  Dodge: Dodged            |    30 |    59 |    65 |   187 |   307 ||   648
  Block: Buckler           |    14 |    22 |    34 |       |       ||    70
